 Dungeon Crawl Stone Soup version 0.29.1-15-g9cfb28693d (webtiles) character file.

Game seed: 12100992032799309877

126 H0rd4k the Charlatan (level 5, -4/35 HPs)
             Began as an Octopode Artificer on Mar 28, 2023.
             Was an Initiate of Gozag.
             Slain by a worm (11 damage)
             ... on level 3 of the Dungeon.
             The game lasted 00:02:00 (3575 turns).

H0rd4k the Charlatan (Octopode Artificer)           Turns: 3575, Time: 00:02:00

Health: -4/35      AC:  1    Str: 11    XL:     5   Next: 10%
Magic:  17/17      EV: 13    Int: 16    God:    Gozag
Gold:   85         SH:  0    Dex: 12    Spells: 8/8 levels left

rFire   . . .      SeeInvis .     - Unarmed
rCold   . . .      Faith    .   (no shield)
rNeg    . . .      Spirit   .   (helmet restricted)
rPois   .          Reflect  .   (no amulet)
rElec   .          Harm     .   m - ring of magical power
rCorr   .          Rampage  .   (no ring)
Will    .....                   (no ring)
Stlth   +++.......              (no ring)
HPRegen 0.11/turn               (no ring)
MPRegen 0.15/turn               (no ring)
                                (no ring)
                                (no ring)

@: no status effects
A: almost no armour, amphibious, 8 rings, camouflage 1, gelatinous body 1,
(nimble swimmer 1), tentacles
a: Renounce Religion, Potion Petition, Call Merchant, Bribe Branch


You were on level 3 of the Dungeon.
You worshipped Gozag.
Gozag was noncommittal.
You visited 1 branch of the dungeon, and saw 3 of its levels.

You collected 116 gold pieces.
You paid 31 gold pieces to Gozag.

Inventory:

Hand Weapons
 i - a +2 dagger of speed
Missiles
 w - 6 poisoned darts
Jewellery
 m - a ring of magical power (left tentacle)
 s - a ring of protection from fire
 u - an amulet of guardian spirit
Wands
 b - a wand of flame (15) (quivered)
 c - a wand of charming (15)
 d - a wand of iceblast (4)
Scrolls
 e - 2 scrolls of fear {unknown}
 g - a scroll of enchant weapon {unknown}
 h - 3 scrolls of teleportation {unknown}
 k - a scroll of brand weapon {unknown}
 l - 2 scrolls of identify {unknown}
 n - a scroll of enchant armour {unknown}
 p - a scroll of blinking {unknown}
 r - a scroll of noise {unknown}
 v - a scroll of silence {unknown}
 x - 3 scrolls of vulnerability {unknown}
Potions
 a - 4 potions of degeneration {unknown}
 f - a potion of flight {unknown}
 j - 2 potions of mutation {unknown}
 o - 2 potions of curing {unknown}
 q - a potion of might {unknown}
 t - 3 potions of cancellation {unknown}


   Skills:
 * Level 2.7 Fighting
 - Level 2.3 Dodging
 - Level 1.3 Stealth
 + Level 2.4 Unarmed Combat
 * Level 2.2 Spellcasting
 - Level 3.2 Evocations


You had 8 spell levels left.
You didn't know any spells.
Your spell library contained the following spells:

 Spells                   Type           Power      Damage    Failure   Level
 Freeze                   Ice            4%         1d3       21%         1
 Frozen Ramparts          Ice            2%         1d1       52%         3
 Inner Flame              Hex/Fire       1%         N/A       52%         3
 Portal Projectile        Hex/Tloc       2%         N/A       52%         3
 Tukima's Dance           Hex            1%         N/A       52%         3
 Cause Fear               Hex            0%         N/A       90%         4
 Hailstorm                Conj/Ice       1%         3d3       90%         4
 Blade Hands              Tmut           0%         N/A       99%         5
 Discord                  Hex            0%         N/A       100%        8


Dungeon Overview and Level Annotations

Branches:
Dungeon (3/15)

Altars:
Elyvilon
Gozag
Qazlal
Xom
Yredelemnul

Annotations:
D:3 3 runed translucent doors, H0rd4k's ghost, amateur OpAr


Innate Abilities, Weirdness & Mutations

You cannot wear most types of armour.
You are amphibious.
You can wear up to eight rings at the same time.
Your skin changes colour to match your surroundings (Stealth+).
Your rubbery body absorbs attacks. (AC +1, EV +1)
((You are camouflaged when in or above water. (Stealth+)))
You have tentacles for arms and can constrict up to eight enemies at once.


Message History

Where to? (Enter - D:2, ? - help)
You climb downwards.
Level annotation: 3 runed translucent doors, H0rd4k's ghost, amateur OpAr
There is a stone staircase leading up here.
Key pressed, stopping travel.
There is a stone staircase leading up, spattered with blood here.
Found a stone staircase leading up.
There is a stone staircase leading up here.
You now have 85 gold pieces (gained 11).
You see here a ball python skeleton.
A worm comes into view.
Found a stone staircase leading down.
A worm is nearby!
A worm is nearby!
The worm bites you!
A worm is nearby!
You completely miss the worm. Your grab misses the worm.
A worm is nearby!
A worm is nearby!
You barely miss the worm. Your grab misses the worm.
You squeeze the worm, but do no damage. The worm bites you!
A worm is nearby!
You are too injured to fight recklessly!
A worm is nearby!
You are too injured to fight recklessly!
A worm is nearby!
You are too injured to fight recklessly!
A worm is nearby!
You are too injured to fight recklessly!
You tentacle-slap the worm but do no damage.
You grab the worm. You constrict the worm. You tentacle-slap the worm.
The worm is lightly wounded.
You constrict the worm. The worm bites you!
* * * LOW HITPOINT WARNING * * *
You barely miss the worm.
The worm is moderately wounded.
You constrict the worm. The worm bites you!
You die...
Your body crumbles into a pile of gold.

###################
#..........@w..>...
######.################.
.......#### ..).......#
######.##.##############
######.##........#8#_#⌠# #
.......########.#8.#.#.#.#._
#####..# #...))......._ ##
#..# ##...)........


You could see a worm.

Vanquished Creatures
  4 gnolls
  2 worms (D:2)
  3 dart slugs
  12 bats
  7 endoplasms
  4 giant cockroaches
  5 goblins
  5 hobgoblins
  3 jackals (D:1)
  6 kobolds
  3 quokkas
  4 ball pythons
  5 frilled lizards
  9 rats
72 creatures vanquished.

Notes
Turn   | Place    | Note
-------+----------+-------------------------------------------
     0 | D:1      | H0rd4k the Octopode Artificer began the quest for the Orb.
     0 | D:1      | Reached XP level 1. HP: 13/13 MP: 1/1
    25 | D:1      | Found a faded altar of an unknown god.
    35 | D:1      | Reached skill level 1 in Spellcasting
    35 | D:1      | Reached XP level 2. HP: 14/18 MP: 1/3
   625 | D:1      | Reached XP level 3. HP: 24/24 MP: 5/5
  1506 | D:2      | Reached skill level 1 in Unarmed Combat
  1821 | D:2      | Reached XP level 4. HP: 30/30 MP: 6/6
  2947 | D:3      | Found a runed translucent gate.
  2948 | D:3      | Found a runed translucent gate.
  2948 | D:3      | Noticed H0rd4k's ghost (amateur OpAr)
  2949 | D:3      | Found a runed translucent gate.
  3374 | D:3      | Found a stormy altar of Qazlal.
  3379 | D:3      | Found an opulent altar of Gozag.
  3380 | D:3      | Found a shimmering altar of Xom.
  3381 | D:3      | Found a white marble altar of Elyvilon.
  3381 | D:3      | Found a basalt altar of Yredelemnul.
  3387 | D:3      | Reached XP level 5. HP: 32/35 MP: 8/8
  3392 | D:3      | Became a worshipper of Gozag Ym Sagoz the Greedy
  3575 | D:3      | Slain by a worm

Illustrated notes

Levels and vault maps discovered:
D:1:      dpeg_arrival_pits, layout_basic, hellmonk_ecumenical_altar_blasted
D:2:      layout_basic, glass_columns_a, kennysheep_generic_room_2
D:3:      layout_loops_ring, minitemple, gammafunk_ghost_split

Skill      XL: |  1  2  3  4 |
---------------+-------------+-----
Spellcasting   | 1 2 |  2.2
Fighting       | 2 |  2.7
Unarmed Combat | 1 2 |  2.4
Dodging        | |  2.3
Stealth        | |  1.3
Evocations     | |  3.2

Action                   |  1- 3 |  4- 6 || total
-------------------------+-------+-------++-------
Melee: Unarmed           |    86 |    72 ||   158
       Constrict         |    28 |    16 ||    44
       Tentacles         |    22 |    14 ||    36
       Punch             |     1 |     1 ||     2
Evoke: Wand              |       |     1 ||     1
 Stab: Sleeping          |    13 |     8 ||    21
Armor: Skin              |    12 |     3 ||    15
Dodge: Dodged            |    58 |    38 ||    96
